 Dungeon Crawl Stone Soup version 0.26-a0-690-gcb57259078 (webtiles) character file.

Game seed: 9467776973373399423

3404 marklar909 the Geomancer (level 10, -12/68 HPs)
             Began as a Formicid Earth Elementalist on Oct 24, 2020.
             Was a Follower of the Shining One.
             Killed by the air
             ... invoked by Gastronok
              (26 damage)
             ... on level 9 of the Dungeon.
             The game lasted 00:12:32 (9423 turns).

marklar909 the Geomancer (FoEE)                     Turns: 9423, Time: 00:12:32

Health: -12/68     AC:  4    Str: 15      XL:     10   Next: 24%
Magic:  23/23      EV: 12    Int: 16      God:    the Shining One [*.....]
Gold:   268        SH:  0    Dex: 10 (11) Spells: 23/27 levels left

rFire    . . .     SeeInvis +   q - +2 flail (protect)
rCold    . . .     Faith    .   (no shield)
rNeg     . . .     Spirit   .   y - +1 leather armour {rPois}
rPois    +         Reflect  .   (helmet unavailable)
rElec    .         Harm     .   (no cloak)
rCorr    .         Rampage  .   (no gloves)
MR       ++...                  (no boots)
Stlth    +.........             x - amulet of regeneration
HPRegen  0.61/turn              j - ring of protection from magic
MPRegen  0.18/turn              (no ring)

@: glowing
A: permanent stasis, dig shafts and tunnels, four strong arms, antennae 3
a: Dig, Shaft Self, Renounce Religion


You were on level 9 of the Dungeon.
You worshipped the Shining One.
The Shining One was aware of your devotion.
You visited 2 branches of the dungeon, and saw 10 of its levels.

You collected 385 gold pieces.
You spent 117 gold pieces at shops.

Inventory:

Hand Weapons
 q - a +2 flail of protection (weapon)
 s - a +2 flail of holy wrath
Missiles
 b - 120 stones (quivered)
Armour
 k - a +1 kite shield of reflection
 m - the +1 kite shield of a Million Artists {Int+6, unknown}
   (You found it on level 8 of the Dungeon)

   It affects your intelligence (+6).
 r - a scarf of harm
 y - a +1 leather armour of poison resistance (worn)
Jewellery
 c - an uncursed ring of positive energy {unknown}
 j - a ring of protection from magic (left hand)
 x - an amulet of regeneration (around neck)
Wands
 h - a wand of disintegration (10)
 t - a wand of iceblast (6)
Scrolls
 e - 7 scrolls of remove curse
 f - 2 scrolls of enchant armour
Potions
 a - 2 potions of cancellation {unknown}
 d - 2 potions of might
 g - a potion of haste {unknown}
 i - 5 potions of curing
 n - 2 potions of flight {unknown}
 o - 3 potions of brilliance {unknown}
 p - a potion of lignification {unknown}
 v - 3 potions of heal wounds
 w - 4 potions of mutation {unknown}


   Skills:
 + Level 2.4 Fighting
 + Level 1.9 Maces & Flails
 + Level 2.5 Armour
 + Level 2.3 Dodging
 + Level 3.8 Stealth
 * Level 3.9 Shields
 + Level 9.0 Spellcasting
 + Level 3.0 Conjurations
   Level 1.1 Transmutations
 + Level 10.3 Earth Magic


You had 23 spell levels left.
You knew the following spells:

 Your Spells              Type           Power        Failure   Level
a - Sandblast             Erth           #####.       1%          1
b - Stone Arrow           Conj/Erth      ####..       2%          3

Your spell library contained the following spells:

 Spells                   Type           Power        Failure   Level
 Passwall                 Tmut/Erth      ####....     1%          2
 Lee's Rapid Deconstruct  Erth           #####.....   4%          5
 Animate Skeleton         Necr           #.....       12%         1
 Apportation              Tloc           #.....       12%         1
 Pain                     Necr           #...         12%         1
 Petrify                  Tmut/Erth      ####....     12%         4
 Lesser Beckoning         Tloc           #.........   36%         3
 Tukima's Dance           Hex            #.......     36%         3
 Vampiric Draining        Necr           #.........   36%         3
 Animate Dead             Necr           #.........   77%         4
 Alistair's Intoxication  Tmut/Pois      #........    95%         5
 Agony                    Necr           #.......     98%         5
 Invisibility             Hex            #.......     100%        6


Dungeon Overview and Level Annotations

Branches:
Dungeon (9/15)             Temple (1/1) D:5
   Lair: D:8-11         Orc: D:9-12

Altars:
Ashenzari
Cheibriados
Dithmenos
Elyvilon
Fedhas
Hepliaklqana
Kikubaaqudgha
Makhleb
Nemelex Xobeh
Okawaru
Qazlal
Ru
Sif Muna
Trog
Uskayaw
Vehumet
Wu Jian
Xom
Yredelemnul
Zin
The Shining One

Shops:
D:6 [!

Annotations:
D:4 3 runed translucent doors, FIREandBLOOD's ghost, weakling DEDe
D:9 Gastronok


Innate Abilities, Weirdness & Mutations

You cannot be hasted, slowed, berserked, paralysed or teleported.
You can dig through walls and to a lower floor.
Your four strong arms can wield two-handed weapons with a shield.
You have a pair of large antennae on your head. (SInv)


Message History

The iceblast engulfs the bat!
You kill the bat!
The bat's corpse disappears in a puff of smoke!
Unknown command.
Unknown command.
Unknown command.
Evoke which item? (* to show all) (? for menu, Esc to quit)
Aiming: Iceblast
Press: ? - help, Shift-Dir - straight line, f/p - Gastronok
Aim: Gastronok, wearing a +0 hat of see invisible (heavily wounded, covering ground quickly)
The mass of ice explodes!
The iceblast engulfs Gastronok.
Gastronok is heavily wounded.
Gastronok waves his eye-stalks in wide circles.
The air twists around and strikes you!!
* * * LOW HITPOINT WARNING * * *
Unknown command.
Unknown command.
Gastronok waves his eye-stalks in wide circles.
The air twists around and strikes you!!
You die... { # #.############ #.w......@.<.# { #.############ w{ ##

You could see Gastronok (swift).

Vanquished Creatures
  A cyclops (D:8)
  Grinder (D:3)
  A yak (D:8)
  A human (D:8)
  3 hogs (D:8)
  A water moccasin (D:2)
  3 orc warriors
  A sky beast (D:5)
  2 ogres
  An ice beast (D:6)
  2 centaurs (D:7)
  3 bullfrogs
  3 howler monkeys
  A quasit (D:9)
  3 jellies
  3 hounds
  2 orc priests
  A centaur skeleton (D:8)
  3 orc wizards
  3 bullfrog skeletons (D:5)
  Natasha (thrice) (D:4)
  Terence (D:3)
  4 worker ants
  2 hound skeletons
  A mummy (D:5)
  A worker ant zombie (D:5)
  A gnoll (D:1)
  13 adders
  A shadow imp (D:7)
  A white imp (D:6)
  An ufetubus (D:8)
  3 worms
  A dart slug (D:2)
  4 leopard geckos
  21 orcs
  4 ball pythons
  4 giant cockroaches
  5 goblins
  8 hobgoblins
  2 jackals (D:5)
  3 quokkas
  6 bats
  5 frilled lizards
  4 kobolds
  A quokka zombie (D:6)
  13 rats
152 creatures vanquished.

Vanquished Creatures (others)
  12 plants (D:2)
12 creatures vanquished.

Grand Total: 164 creatures vanquished

Notes
Turn   | Place    | Note
-------+----------+-------------------------------------------
     0 | D:1      | marklar909 the Formicid Earth Elementalist began the quest
                  | for the Orb.
     0 | D:1      | Reached XP level 1. HP: 13/13 MP: 3/3
   236 | D:1      | Reached skill level 4 in Earth Magic
   236 | D:1      | Reached XP level 2. HP: 19/19 MP: 3/5
   661 | D:1      | Reached XP level 3. HP: 24/24 MP: 4/6
   905 | D:1      | Learned a level 3 spell: Stone Arrow
  1197 | D:2      | Reached XP level 4. HP: 30/30 MP: 5/8
  1274 | D:2      | Noticed a water moccasin
  1286 | D:2      | Killed a water moccasin
  1286 | D:2      | Reached skill level 1 in Conjurations
  1286 | D:2      | Reached skill level 5 in Earth Magic
  1286 | D:2      | Reached XP level 5. HP: 15/35 MP: 1/10
  1745 | D:2      | Found a faded altar of an unknown god.
  1869 | D:2      | Reached XP level 6. HP: 41/41 MP: 9/11
  2779 | D:3      | Noticed Terence
  2783 | D:3      | Killed Terence
  2970 | D:3      | Noticed Grinder
  2987 | D:3      | Killed Grinder
  2987 | D:3      | Reached skill level 5 in Spellcasting
  2987 | D:3      | Reached skill level 6 in Earth Magic
  2987 | D:3      | Reached XP level 7. HP: 25/46 MP: 0/14
  3536 | D:4      | Found a runed translucent gate.
  3537 | D:4      | Found a runed translucent gate.
  3538 | D:4      | Found a runed translucent gate.
  3539 | D:4      | Noticed FIREandBLOOD's ghost (weakling DEDe)
  3921 | D:4      | Noticed Natasha
  3926 | D:4      | Killed Natasha
  3926 | D:4      | Noticed Natasha
  3928 | D:4      | Killed Natasha
  3928 | D:4      | Reached skill level 7 in Earth Magic
  3939 | D:4      | Noticed Natasha
  3944 | D:4      | Killed Natasha
  4300 | D:5      | Entered Level 5 of the Dungeon
  4401 | D:5      | Found a staircase to the Ecumenical Temple.
  4416 | Temple   | Entered the Ecumenical Temple
  4648 | Temple   | Became a worshipper of the Shining One
  4987 | D:5      | Reached XP level 8. HP: 42/52 MP: 3/16
  5153 | D:5      | Reached skill level 8 in Earth Magic
  6037 | D:6      | Found Amokh's Antique Armour Boutique.
  6403 | D:6      | Found Bogauq's Distillery.
  6411 | D:6      | Bought a potion of heal wounds for 65 gold pieces
  6411 | D:6      | Bought a potion of curing for 39 gold pieces
  6411 | D:6      | Bought a potion of degeneration for 13 gold pieces
  6639 | D:6      | Reached * piety under the Shining One
  6715 | D:6      | Found a white marble altar of Elyvilon.
  7116 | D:7      | Reached XP level 9. HP: 44/58 MP: 13/19
  7215 | D:7      | Reached skill level 1 in Armour
  7215 | D:7      | Reached skill level 9 in Earth Magic
  7231 | D:7      | Reached skill level 1 in Fighting
  7422 | D:7      | Reached skill level 1 in Maces & Flails
  7929 | D:7      | Identified a scroll of acquirement
  7929 | D:7      | Acquired a +1 kite shield of reflection
  7963 | D:8      | Got an ichor-stained kite shield
  8304 | D:8      | Reached skill level 1 in Shields
  8694 | D:8      | Reached XP level 10. HP: 44/67 MP: 0/22
  9029 | D:8      | Reached skill level 10 in Earth Magic
  9170 | D:8      | Noticed a cyclops
  9182 | D:8      | The Shining One protects you from harm!
  9183 | D:8      | Killed a cyclops
  9405 | D:9      | Noticed Gastronok
  9423 | D:9      | Killed from afar by Gastronok

Illustrated notes

Levels and vault maps discovered:
D:1:      tarquinn_simple_flora_water_c, layout_basic, amethyst_killhole,
          minivault_14
D:2:      layout_basic, chequers_ecumenical_altar_lobes
D:3:      layout_basic, uniq_grinder, uniq_terence
D:4:      layout_basic, ebering_ghost_rock_garden, uniq_natasha
D:5:      minmay_general_purpose_star, layout_basic,
          minmay_temple_entry_large_hall, gup_ossuary_entry_pyramid
D:6:      layout_basic, serial_shops, shop, shop_fountains, elyvilon_altar_4
D:7:      layout_rooms, grunt_potential
D:8:      layout_basic, grunt_livestock
D:9:      layout_basic, grunt_gozag_breadcrumbs, orc_0_dummy,
          grunt_ministairs_15, grunt_decor_cap, fedhas_altar_1, uniq_gastronok
Temple:   roderic_octagonal_lattice_temple

Skill      XL: |  1  2  3  4  5  6  7  8  9 10 |
---------------+-------------------------------+-----
Earth Magic    | 4 5 6 7 8 9 10 | 10.3
Stealth        | 3 |  3.8
Spellcasting   | 3 5 7 8 9 |  9.0
Conjurations   | 1 2 3 |  3.0
Dodging        | 2 |  2.3
Armour         | 2 |  2.5
Fighting       | 2 |  2.4
Maces & Flails | 1 |  1.9
Shields        | 2 3 |  3.9
Transmutations | |  1.1

Action                   |  1- 3 |  4- 6 |  7- 9 | 10-12 || total
-------------------------+-------+-------+-------+-------++-------
Melee: Morningstar       |       |     3 |     8 |       ||    11
       Flail             |       |       |     5 |     6 ||    11
 Cast: Sandblast         |    39 |    60 |   101 |    11 ||   211
       Stone Arrow       |       |     4 |    57 |    14 ||    75
 Abil: Dig               |       |       |     1 |     1 ||     2
Evoke: Wand              |       |       |       |     7 ||     7
  Use: Potion            |       |     2 |       |       ||     2
       Scroll            |       |       |    11 |       ||    11
Armor: Robe              |     1 |     3 |     1 |       ||     5
       Leather armour    |       |       |     6 |     2 ||     8
Dodge: Dodged            |     6 |    12 |    59 |    13 ||    90

Table legend: (Time is in decaauts)
 A = Elapsed time spent in this place.
 B = Non-inter-level travel time spent in this place.
 C = Inter-level travel time spent in this place.
 D = Time resting spent in this place.
 E = Time spent auto-exploring this place.
 F = Levels seen in this place.
 G = Mean time per level.
                   A        B        C        D        E       F      G
               +--------+--------+--------+--------+--------+-----+--------+
         Total |   9430 |   8968 |    462 |    419 |   7606 |  10 |  943.0 |
       Dungeon |   9183 |   8757 |    426 |    419 |   7397 |   9 | 1020.3 |
        Temple |    246 |    210 |     36 |      0 |    209 |   1 |  246.0 |
               +--------+--------+--------+--------+--------+-----+--------+

Top non-repeatable levels by time:
     D:5: 1490 daAuts
     D:8: 1414 daAuts
     D:2: 1294 daAuts
     D:1: 1122 daAuts
     D:3: 1105 daAuts
     D:7: 995 daAuts
     D:6: 929 daAuts
     D:4: 777 daAuts
  Temple: 246 daAuts
     D:9: 53 daAuts
